 Dungeon Crawl Stone Soup version 0.20.1-1-g8b1a95d (webtiles) character file.

1913 Zeege the Chiller (level 8, 0/59 HPs)
             Began as a Black Draconian Ice Elementalist on Nov 8, 2017.
             Was a Follower of Nemelex Xobeh.
             Slain by hilaritas's ghost (19 damage)
             ... on level 6 of the Dungeon.
             The game lasted 01:07:44 (9687 turns).

Zeege the Chiller (DrIE)                            Turns: 9687, Time: 01:07:45

Health: 0/59       AC:  9    Str: 11    XL:     8   Next: 95%
Magic:  12/18      EV: 13    Int: 17    God:    Nemelex Xobeh [*.....]
Gold:   176        SH:  0    Dex: 12    Spells: 18/21 levels left

rFire    . . .     SeeInvis .   s - +1 whip (freeze)
rCold    . . .     Gourm    .   (no shield)
rNeg     . . .     Faith    .   (armour unavailable)
rPois    .         Spirit   .   (helmet restricted)
rElec    +         Reflect  .   h - +2 cloak
rCorr    .         Harm     .   (no gloves)
MR       +....                  (no boots)
Stlth    ++........             (no amulet)
Regen    0.2/turn               b - ring of protection from magic
MPRegen  0.2/turn               (no ring)

@: short of breath
A: breathe lightning, unfitting armour, electricity resistance, cold-blooded, AC
+6
a: Breathe Lightning, Renounce Religion


You were on level 6 of the Dungeon.
You worshipped Nemelex Xobeh.
Nemelex Xobeh was aware of your devotion.
You were not hungry.

You visited 2 branches of the dungeon, and saw 8 of its levels.

You collected 246 gold pieces.
You spent 70 gold pieces at shops.

Inventory:

Hand Weapons
 c - a +0 club
 g - a +1 short sword
 l - a +0 long sword
 s - a +1 whip of freezing (weapon)
Missiles
 e - 43 poisoned needles
 o - 3 javelins (quivered)
Armour
 h - a +2 cloak (worn)
Jewellery
 b - a ring of protection from magic (left hand)
Wands
 p - a wand of random effects (24/48)
Scrolls
 d - 2 scrolls of identify
 k - 2 scrolls of enchant armour
Potions
 j - a potion of brilliance
 n - a potion of agility
 q - a potion of might
Books
 a - a book of Frost

   Spells                             Type                      Level
   a - Freeze                         Ice                          1
   b - Throw Frost                    Conjuration/Ice              2
   c - Ozocubu's Armour               Charms/Ice                   3
   d - Throw Icicle                   Conjuration/Ice              4
   e - Summon Ice Beast               Ice/Summoning                4
Miscellaneous
 i - a plain deck of destruction {drawn: 1}
Comestibles
 f - 2 meat rations
 m - 3 bread rations


   Skills:
 + Level 1.4 Fighting
 + Level 1.2 Short Blades
 + Level 1.8 Maces & Flails
 + Level 0.3 Throwing
 + Level 3.4 Dodging
 + Level 2.7 Stealth
 + Level 7.0 Spellcasting
 + Level 3.5 Conjurations
 + Level 7.1 Ice Magic


You had 18 spell levels left.
You knew the following spells:

 Your Spells              Type           Power        Failure   Level  Hunger
a - Freeze                Ice            ####         1%          1    None
b - Throw Frost           Conj/Ice       ###...       1%          2    None


Dungeon Overview and Level Annotations

Branches:
Dungeon (7/15)             Temple (1/1) D:4

Altars:
Ashenzari
Dithmenos
Elyvilon
Fedhas
Gozag
Hepliaklqana
Kikubaaqudgha
Makhleb
Nemelex Xobeh
Okawaru
Qazlal
Ru
Sif Muna
Trog
Uskayaw
Vehumet
Xom
Yredelemnul
Zin
The Shining One

Shops:
D:4 ?

Annotations:
D:2 Sigmund, Terence
D:3 2 transporters
D:6 hilaritas's ghost, novice FoFi


Innate Abilities, Weirdness & Mutations

You can breathe wild blasts of lightning.
Your glossy black scales are hard. (AC +6)
You cannot fit into any form of body armour.
You are resistant to electric shocks. (rElec)
You are cold-blooded and may be slowed by cold attacks.


Message History

Hilaritas's ghost is severely damaged.
Hilaritas's ghost hits you!
Casting: Freeze
Confirm with . or Enter, or press ? or * to list all spells.
Aiming: Freeze
Press: ? - help, Shift-Dir - straight line, f/p - hilaritas's ghost
Aim: hilaritas's ghost (severely damaged)
You freeze hilaritas's ghost.
Hilaritas's ghost is severely damaged.
Hilaritas's ghost hits you!
Casting: Freeze
Confirm with . or Enter, or press ? or * to list all spells.
Aiming: Freeze
Press: ? - help, Shift-Dir - straight line, f/p - hilaritas's ghost
Aim: hilaritas's ghost (severely damaged)
You freeze hilaritas's ghost.
Hilaritas's ghost is almost destroyed.
Hilaritas's ghost hits you!!
You die...
Your body disappears without a glow.

.###W...........######## #.##.#
..##..#######.### #.##.#
..##.....# #.# #.##.# ..##...#(#
#.# #.##.# #.##...#.# #.#
#########.##.#
.......#.####.#####............#
#.#....#..........#.#######.####
..#....######.###W#.# #.#
#.#.............@.#.# #.#
###....######.#####.# #.#
........# #.#####.# #.#
........# #.......# #.#
#######.###################.#
#.....................#
#######################


You could see hilaritas's ghost.

Vanquished Creatures
  Pikel (D:5)
  A sky beast (D:6)
  A slave (D:5)
  6 ogres
  A bullfrog (D:6)
  A scorpion (D:4)
  A howler monkey (D:4)
  2 hounds (D:4)
  An orc priest (D:4)
  A jelly (D:5)
  Jessica (D:2)
  Ijyb (D:5)
  2 iguanas
  4 orc wizards
  5 worker ants
  A hound skeleton (D:4)
  7 gnolls (D:4)
  4 adders
  3 oozes
  3 worms
  6 dart slugs
  A leopard gecko (D:4)
  12 orcs
  5 giant cockroaches
  9 goblins
  10 hobgoblins
  14 jackals
  A quokka (D:4)
  A ball python (D:2)
  9 bats
  4 frilled lizards (D:1)
  A jackal skeleton (D:4)
  11 kobolds
  5 rats
  4 plants (D:1)
140 creatures vanquished.

Vanquished Creatures (others)
  A slave (D:5)
  A plant (D:1)
2 creatures vanquished.

Grand Total: 142 creatures vanquished

Notes
Turn   | Place    | Note
-------+----------+-------------------------------------------
     0 | D:1      | Zeege the Draconian Ice Elementalist began the quest for the Orb.
     0 | D:1      | Reached XP level 1. HP: 14/14 MP: 3/3
   268 | D:1      | Reached XP level 2. HP: 19/20 MP: 0/5
   623 | D:1      | Reached XP level 3. HP: 18/26 MP: 0/6
   892 | D:1      | Learned a level 2 spell: Throw Frost
  2041 | D:2      | Noticed Sigmund
  2042 | D:2      | Noticed Terence
  2545 | D:3      | Found a transporter.
  2591 | D:3      | Found a transporter.
  2651 | D:3      | Reached XP level 4. HP: 33/33 MP: 4/7
  2782 | D:4      | Noticed an ogre
  3603 | D:3      | Noticed a sky beast
  3798 | D:3      | Reached skill level 1 in Maces & Flails
  4407 | D:2      | Reached XP level 5. HP: 39/39 MP: 3/9
  4572 | D:2      | Noticed Jessica
  4591 | D:2      | Killed Jessica
  5391 | D:5      | Entered Level 5 of the Dungeon
  5393 | D:5      | Noticed an ogre
  5666 | D:4      | Noticed an ogre
  5690 | D:4      | Reached XP level 6. HP: 45/46 MP: 7/11
  5802 | D:4      | Found Oxzep's Magic Scroll Shop.
  5807 | D:4      | Bought a scroll of remove curse for 42 gold pieces
  5807 | D:4      | Bought a scroll of identify for 28 gold pieces
  5856 | D:4      | Found a staircase to the Ecumenical Temple.
  6302 | D:4      | Found a sparkling altar of Nemelex Xobeh.
  6302 | D:4      | Found a sacrificial altar of Ru.
  6308 | D:4      | Became a worshipper of Nemelex Xobeh the Trickster
  6457 | D:4      | Received a gift from Nemelex Xobeh
  6698 | D:4      | Reached skill level 1 in Short Blades
  6698 | D:4      | Reached skill level 5 in Ice Magic
  6698 | D:4      | Your scales start taking on a glossy black colour.
  6698 | D:4      | Reached XP level 7. HP: 51/51 MP: 6/13
  6698 | D:4      | Gained mutation: You are resistant to electric shocks. (rElec) [Black Draconian growth]
  7392 | Temple   | Entered the Ecumenical Temple
  7867 | D:4      | Reached skill level 5 in Spellcasting
  7972 | D:4      | Reached skill level 1 in Fighting
  8056 | D:5      | Noticed Ijyb
  8073 | D:5      | Reached XP level 8. HP: 38/59 MP: 0/16
  8708 | D:5      | Reached * piety under Nemelex Xobeh
  8868 | D:5      | Killed Ijyb
  9092 | D:5      | Noticed Pikel
  9099 | D:5      | Killed Pikel
  9632 | D:6      | Noticed hilaritas's ghost (novice FoFi)
  9687 | D:6      | Slain by hilaritas's ghost

Skill      XL: |  1  2  3  4  5  6  7  8 |
---------------+-------------------------+-----
Dodging        | 2 3 |  3.4
Stealth        | 2 |  2.7
Maces & Flails | 1 |  1.8
Spellcasting   | 3 4 5 7 |  7.0
Ice Magic      | 4 5 7 |  7.1
Conjurations   | 2 3 |  3.5
Short Blades   | 1 |  1.2
Fighting       | 1 |  1.4
Throwing       | |  0.3

Action                   |  1- 3 |  4- 6 |  7- 9 || total
-------------------------+-------+-------+-------++-------
Melee: Club              |   287 |    66 |       ||   353
       Tailslap          |    55 |     5 |     4 ||    64
       Unarmed           |     1 |       |       ||     1
       Short sword       |       |    27 |    28 ||    55
       Whip              |       |       |    31 ||    31
Throw: Javelin           |       |     4 |     5 ||     9
 Cast: Freeze            |    39 |    54 |    69 ||   162
       Throw Frost       |    22 |    84 |    78 ||   184
 Abil: Breathe Lightning |       |       |     4 ||     4
Evoke: Deck              |       |       |     1 ||     1
  Use: Scroll            |     4 |     7 |     7 ||    18
       Potion            |       |     1 |       ||     1
 Stab: Distracted        |       |     1 |       ||     1
       Sleeping          |       |     1 |       ||     1
  Eat: Chunk             |     7 |    13 |     2 ||    22
       Bread ration      |       |     1 |     2 ||     3
       Fruit             |       |     1 |       ||     1
Armor: Skin              |    22 |    73 |    45 ||   140
Dodge: Dodged            |    59 |   115 |    57 ||   231
